Map: Ley Lines

Players

FalconsSolar (Solar) - Winner!

  • Race: Zerg Zerg
  • Spawn Location: 1:00

VITmaru (Maru)

  • Race: Terran Terran
  • Spawn Location: 7:00

Event: DreamHack Dallas 2025

VOD

Have the link to the VOD?

Description

Time

  • Played on: May 25, 2025, 5:25 p.m.
  • Length: 10:31

All games in this series

Show
View Real Time Build Order
Export as new Build Order

FalconsSolar Zerg - Winner!

Build Orders: Hatch First, Roach Hydra 

Get SALT Encoding   

  12  0:00  Drone  
  13  0:07  Drone  
  14  0:15  Drone, Extractor  
  15  0:21  Overlord  
  15  0:41  Drone  
  16  0:44  Hatchery  
  16  0:48  Drone  
  16  0:51  Drone  
  16  0:55  Drone  
  18  1:07  Extractor  
  17  1:11  Spawning Pool  
  17  1:13  Drone  
  17  1:17  Drone  
  18  1:26  Drone  
  19  1:37  Drone  
  20  1:47  Drone  
  21  1:58  Zergling x2  
  21  1:59  Zergling x2, Queen x2  
  27  2:07  Drone  
  28  2:09  Overlord  
  28  2:13  Metabolic Boost  
  28  2:26  Hatchery  
  28  2:29  Drone  
  28  2:31  Drone  
  28  2:34  Drone  
  30  2:38  Drone  
  30  2:40  Overlord  
  31  2:50  Queen  
  33  2:53  Drone  
  33  2:56  Drone x2  
  35  3:02  Drone  
  36  3:08  Drone x3  
  36  3:10  Overlord  
  36  3:12  Drone x2  
  41  3:14  Drone  
  41  3:17  Drone  
  43  3:27  Overlord  
  43  3:28  Queen  
  43  3:31  Drone x2  
  47  3:35  Zergling x2  
  47  3:37  Queen  
  50  3:43  Queen  
  50  3:45  Drone  
  50  3:47  Zergling x2  
  54  3:48  Drone  
  54  3:50  Drone  
  54  3:52  Drone  
  54  3:53  Drone  
  58  3:56  Overlord  
  58  3:58  Zergling x2  
  58  4:01  Drone  
  58  4:02  Drone  
  61  4:05  Drone  
  61  4:08  Spore Crawler  
  61  4:10  Zergling x2  
  61  4:13  Zergling x6  
  61  4:15  Drone  
  66  4:17  Queen  
  66  4:21  Queen  
  70  4:28  Spore Crawler  
  70  4:29  Zergling x8  
  73  4:32  Overlord  
  73  4:35  Drone  
  68  4:42  Drone  
  68  4:43  Drone x2  
  68  4:45  Drone x2  
  69  4:46  Drone  
  69  4:47  Drone x2  
  69  4:50  Evolution Chamber  
  72  4:52  Drone  
  73  5:04  Drone x3, Evolution Chamber, Extractor  
  73  5:05  Evolution Chamber  
  73  5:07  Zergling x2  
  73  5:08  Zergling x2  
  73  5:10  Queen  
  73  5:12  Drone  
  73  5:14  Drone  
  75  5:15  Drone  
  75  5:18  Drone  
  75  5:19  Drone  
  76  5:24  Drone  
  75  5:29  Zergling x8  
  75  5:33  Zerg Melee Weapons Level 1, Zerg Ground Armor Level 1  
  79  5:37  Drone x3  
  79  5:39  Overlord  
  79  5:40  Overlord  
  79  5:42  Overlord  
  82  5:46  Lair  
  81  5:50  Extractor  
  81  5:52  Baneling Nest  
  81  5:53  Drone x2  
  81  6:00  Drone x3  
  84  6:05  Zergling x6  
  84  6:08  Drone x2  
  84  6:09  Drone x2, Extractor  
  84  6:10  Extractor  
  88  6:12  Roach Warren  
  88  6:15  Drone x3, Hatchery  
  88  6:16  Drone, Extractor  
  90  6:20  Drone x4  
  90  6:23  Drone  
  95  6:26  Overlord  
  95  6:33  Overlord  
  95  6:40  Zergling x6  
  95  6:41  Zergling x2  
  95  6:45  Hatchery  
  95  6:47  Overseer  
  99  6:49  Overseer  
  99  6:51  Overlord  
  98  6:55  Hydralisk Den  
  98  6:57  Roach x8  
  98  6:58  Glial Reconstitution  
  98  7:00  Drone x3  
  116  7:03  Drone  
  116  7:05  Roach  
  116  7:06  Drone  
  120  7:16  Roach x2  
  120  7:17  Extractor  
  120  7:18  Overlord  
  120  7:19  Drone  
  124  7:23  Overlord  
  124  7:24  Overlord  
  124  7:26  Muscular Augments  
  124  7:27  Overlord  
  124  7:29  Overlord  
  123  7:33  Zerg Missile Weapons Level 1  
  123  7:35  Drone  
  119  7:37  Drone  
  119  7:38  Hydralisk x5  
  119  7:42  Hydralisk  
  130  7:46  Hydralisk x3  
  130  7:47  Zergling x2  
  130  7:49  Hydralisk  
  139  7:51  Overseer  
  139  7:54  Hydralisk  
  139  7:57  Zergling x8  
  145  7:59  Hydralisk  
  145  8:01  Hydralisk  
  146  8:07  Hydralisk x3  
  146  8:08  Zergling x2  
  150  8:13  Zergling x6  
  150  8:19  Spore Crawler  
  148  8:23  Drone x6  
  151  8:27  Hydralisk  
  151  8:28  Pneumatized Carapace  
  151  8:31  Hydralisk x2  
  157  8:36  Hydralisk  
  157  8:37  Hydralisk  
  157  8:40  Grooved Spines  
  159  8:45  Overlord x2  
  159  8:47  Ravager x2  
  161  8:48  Zergling x2  
  161  8:49  Zergling x4  
  161  8:51  Overlord  
  161  8:52  Ravager  
  161  8:54  Zergling x4  
  167  8:59  Overlord  
  167  9:00  Overlord  
  167  9:01  Overlord  
  167  9:03  Overlord  
  167  9:06  Zergling x4  
  167  9:07  Infestation Pit  
  168  9:10  Roach x3  
  168  9:15  Overseer  
  174  9:17  Hydralisk x2, Overseer  
  174  9:19  Zergling x2  
  179  9:24  Roach x2  
  179  9:25  Roach x2  
  187  9:32  Roach x2  
  187  9:34  Roach x3  
  187  9:37  Hydralisk x2  
  190  9:40  Roach  
  190  9:41  Roach  
  190  9:42  Roach  
  185  9:45  Roach x2  
  185  9:48  Roach x2  
  185  9:49  Overseer  
  174  9:53  Roach x2  
  174  9:55  Ravager  
  174  9:56  Zergling x6  
  182  10:01  Zergling x8  
  182  10:06  Roach  
  179  10:12  Overseer x2  
Show
View Real Time Build Order
Export as new Build Order

VITmaru Terran 

Build Orders: Hellion Opening 

Get SALT Encoding   

  12  0:00  SCV  
  13  0:12  SCV  
  14  0:17  Supply Depot  
  14  0:24  SCV  
  15  0:39  SCV  
  15  0:41  Barracks  
  16  0:51  SCV  
  16  0:52  Refinery  
  17  1:03  SCV  
  18  1:16  SCV  
  19  1:27  Marine  
  19  1:28  Orbital Command  
  20  1:37  Command Center  
  20  1:45  Marine  
  21  1:48  Supply Depot  
  21  1:54  SCV  
  22  2:02  Factory  
  22  2:06  SCV  
  23  2:10  Refinery  
  23  2:12  Barracks Reactor  
  23  2:18  SCV  
  24  2:31  SCV  
  25  2:43  SCV  
  26  2:48  Orbital Command  
  26  2:52  Starport  
  26  2:53  Hellion x2  
  26  2:56  SCV  
  26  2:58  Marine  
  32  3:09  SCV  
  33  3:14  Supply Depot, SCV  
  33  3:16  Hellion x2  
  33  3:17  Marine  
  39  3:24  SCV  
  40  3:28  SCV, Medivac  
  43  3:35  Marine  
  43  3:39  Hellion x2  
  49  3:42  Armory  
  49  3:45  SCV  
  49  3:47  SCV  
  50  3:53  Supply Depot, Marine  
  51  4:00  Liberator  
  54  4:13  Barracks Tech Lab  
  54  4:14  SCV x2  
  54  4:15  Hellion x2  
  60  4:17  Supply Depot  
  60  4:26  SCV x2  
  62  4:37  Hellion x2  
  61  4:39  SCV x2  
  59  4:51  SCV x2  
  59  4:54  Starport Tech Lab, Command Center  
  59  4:59  Hellion  
  60  5:01  Hellion  
  60  5:03  SCV x2  
  54  5:15  Banshee, SCV x2  
  54  5:19  Factory  
  54  5:21  Hellion  
  61  5:22  Hellion  
  61  5:27  SCV x2  
  65  5:29  Factory  
  65  5:30  Cloaking Field  
  65  5:33  Supply Depot  
  65  5:39  SCV  
  65  5:40  SCV  
  65  5:41  Refinery x2  
  67  5:46  Barracks Reactor  
  67  5:49  Hellion  
  69  5:51  SCV  
  69  5:52  Terran Vehicle And Ship Armor Level 1  
  69  5:53  Supply Depot  
  69  5:55  Hellion, SCV  
  73  6:03  SCV  
  74  6:07  SCV  
  74  6:08  Cyclone, Mag-Field Accelerator  
  79  6:15  SCV  
  79  6:16  Banshee  
  79  6:17  Factory Tech Lab  
  82  6:19  SCV  
  87  6:25  Hellion  
  87  6:26  Hellion  
  87  6:27  SCV  
  87  6:29  Supply Depot, Factory  
  87  6:31  SCV  
  87  6:32  Orbital Command  
  89  6:36  Hellion x4  
  90  6:40  SCV  
  90  6:43  SCV  
  90  6:44  Cyclone x2  
  91  6:47  Hyperflight Rotors  
  91  6:48  Hellion x2  
  91  6:52  SCV  
  96  6:54  Factory  
  96  6:55  SCV  
  96  7:00  Hellion  
  96  7:01  Hellion x7, SCV  
  98  7:04  SCV  
  98  7:07  SCV  
  100  7:12  Hellion x3  
  100  7:13  SCV  
  107  7:16  SCV  
  107  7:19  SCV  
  109  7:24  Cyclone  
  109  7:27  Supply Depot  
  109  7:28  Supply Depot, Command Center  
  109  7:29  SCV x2  
  111  7:34  SCV  
  107  7:39  Cyclone, Factory Tech Lab  
  107  7:43  SCV x2  
  112  7:47  Refinery x2, Terran Vehicle Weapons Level 1  
  112  7:49  Armory  
  112  7:53  SCV  
  112  7:55  SCV  
  114  7:59  SCV  
  114  8:02  Siege Tank x2  
  114  8:04  Hellion  
  114  8:05  SCV  
  120  8:06  Hellion  
  120  8:07  SCV  
  120  8:10  Hellion  
  120  8:11  Banshee, SCV  
  125  8:17  SCV  
  125  8:18  Hellion x2  
  125  8:19  SCV  
  129  8:23  SCV  
  129  8:25  Supply Depot  
  129  8:26  Supply Depot x2  
  130  8:29  SCV  
  130  8:31  SCV  
  130  8:32  Supply Depot x2  
  132  8:38  Hellion  
  132  8:39  Siege Tank x3  
  132  8:40  Hellion  
  139  8:41  SCV  
  139  8:47  Hellion  
  142  8:51  Supply Depot  
  142  8:54  Engineering Bay  
  142  8:56  Hellion  
  142  8:57  SCV x3  
  147  9:07  Command Center  
  147  9:09  SCV x2  
  149  9:11  Siege Tank x2  
  149  9:12  Banshee  
  158  9:20  Refinery x2  
  158  9:32  Hellion, Siege Tank  
  158  9:33  Hellion x2  
  158  9:34  Hellion  
  166  9:43  Siege Tank  
  166  9:45  Siege Tank  
  145  9:49  SCV  
  145  9:51  SCV  
  134  9:56  Hellion x2  
  134  9:57  SCV  
  136  10:01  SCV  
  136  10:03  SCV  
  132  10:09  SCV  
  132  10:13  SCV  
  95  10:15  SCV  
Tags
 
Add a new tag
Caveats
  • Supply blocks, unpowered buildings, or Contaminate may cause inaccurate times.
  • Supply counts are checked every 10 seconds.